 Dungeon Crawl Stone Soup version 0.23.2-33-g5129a83184 (webtiles) character file.

Game seed: 12197773815625468776

21967 1994 the Black Sun (level 12, -1/93 HPs)
             Began as a Mummy Summoner on June 28, 2019.
             Was a High Priest of Kikubaaqudgha.
             Slain by a sixfirhy (9 damage)
             ... summoned by an obsidian statue
             ... in a volcano.
             The game lasted 01:38:26 (21650 turns).

1994 the Black Sun (Mummy Summoner)                Turns: 21650, Time: 01:38:26

Health: -1/93      AC:  9    Str: 13    XL:     12   Next: 58%
Magic:  17/26      EV: 12    Int: 18    God:    Kikubaaqudgha [*****.]
Gold:   774        SH:  5    Dex: 12    Spells: 10/31 levels left

rFire    + + .     SeeInvis .   a - +2 dagger (venom)
rCold    + . .     Gourm    .   x - +0 buckler
rNeg     + + +     Faith    .   w - +2 robe {rC+ rF+}
rPois    ∞         Spirit   .   z - +1 helmet
rElec    .         Reflect  .   (no cloak)
rCorr    .         Harm     .   (no gloves)
MR       +....                  e - +2 pair of boots
Stlth    ++........             (no amulet)
HPRegen  0.25/turn              s - ring of protection from fire
MPRegen  0.20/turn              G - ring of fire

@: very slightly contaminated
A: no food or potions, fire vulnerability, cold resistance 1, negative energy
resistance 3, torment resistance, unbreathing
a: Receive Corpses, Torment, Renounce Religion


You were in a volcano.
You worshipped Kikubaaqudgha.
Kikubaaqudgha was extremely pleased with you.
You were not hungry.

You visited 3 branches of the dungeon, and saw 16 of its levels.
You also visited: Bailey and Volcano.

You collected 902 gold pieces.
You spent 128 gold pieces at shops.

Inventory:

Hand Weapons
 a - a +2 dagger of venom (weapon)
 j - a +0 hand axe of pain
 u - a +1 trident of venom
 B - a +0 blowgun
 F - the +9 flail of Dissent {crush, -Tele Str+4 SInv Stlth+}
   (You found it on level 11 of the Dungeon)

   It inflicts extra damage upon your enemies.
   It affects your strength (+4).
   It lets you see invisible.
   It prevents most forms of teleportation.
   It makes you more stealthy.
Missiles
 c - 502 stones (quivered)
 p - 59 sling bullets
 E - 4 curare-tipped needles
Armour
 e - a +2 pair of boots (worn)
 i - a +0 troll leather armour
 w - a +2 robe of resistance (worn)
 x - a +0 buckler (worn)
 z - a +1 helmet (worn)
 D - +0 steam dragon scales
Magical Staves
 b - an uncursed staff of death
 n - an uncursed staff of earth
Jewellery
 s - a ring of protection from fire (left hand)
 G - a ring of fire (right hand)
Wands
 m - a wand of random effects (19)
 o - a wand of acid (6)
 t - a wand of flame (57)
 v - a wand of iceblast (9)
 y - a wand of disintegration (11)
Scrolls
 d - a scroll of brand weapon
 f - 9 scrolls of remove curse
 g - 2 scrolls of fog
 h - 5 scrolls of enchant weapon
 k - 3 scrolls of blinking
 q - a scroll of immolation
 r - 5 scrolls of enchant armour
 A - 4 scrolls of teleportation
 C - a scroll of vulnerability
Miscellaneous
 l - a phantom mirror


   Skills:
 + Level 8.2 Fighting
 - Level 1.5 Dodging
 - Level 1.5 Stealth
 - Level 4.0 Shields
 + Level 10.2 Spellcasting
 * Level 10.5 Summonings
 * Level 10.6 Necromancy
 - Level 1.0 Transmutations
 - Level 5.0 Air Magic
 - Level 1.0 Earth Magic


You had 10 spell levels left.
You knew the following spells:

 Your Spells              Type           Power        Failure   Level  Hunger
a - Pain                  Necr           ####         1%          1    N/A
b - Call Canine Familiar  Summ           #####...     1%          3    N/A
c - Summon Lightning Spi  Summ/Air       #####...     3%          4    N/A
d - Animate Skeleton      Necr           N/A          1%          1    N/A
e - Vampiric Draining     Necr           #####.....   1%          3    N/A
f - Corpse Rot            Necr           N/A          1%          2    N/A
g - Agony                 Necr           #####...     2%          5    N/A
h - Passwall              Tmut/Erth      ##......     8%          2    N/A

Your spell library contained the following spells:

 Spells                   Type           Power        Failure   Level  Hunger
 Summon Small Mammal      Summ           ####         1%          1    N/A
 Call Imp                 Summ           #####...     1%          2    N/A
 Summon Guardian Golem    Hex/Summ       ####....     2%          3    N/A
 Dispel Undead            Necr           #####...     2%          5    N/A
 Sandblast                Erth           ##....       5%          1    N/A
 Corona                   Hex            #......      8%          1    N/A
 Magic Dart               Conj           #...         8%          1    N/A
 Summon Ice Beast         Ice/Summ       ####....     9%          4    N/A
 Ensorcelled Hibernation  Hex/Ice        #.....       12%         2    N/A
 Searing Ray              Conj           #.....       12%         2    N/A
 Stone Arrow              Conj/Erth      ##....       19%         3    N/A
 Confuse                  Hex            #.......     24%         3    N/A
 Dazzling Spray           Conj/Hex       #.....       24%         3    N/A
 Tukima's Dance           Hex            #.......     24%         3    N/A
 Bolt of Draining         Conj/Necr      ####......   24%         5    N/A
 Excruciating Wounds      Chrm/Necr      ####......   24%         5    N/A
 Petrify                  Tmut/Erth      ##......     45%         4    N/A
 Force Lance              Conj/Tloc      #.......     61%         4    N/A
 Fulminant Prism          Conj/Hex       #.........   61%         4    N/A
 Iskenderun's Mystic Bla  Conj           #.......     61%         4    N/A
 Simulacrum               Ice/Necr       ####......   80%         6    N/A
 Lee's Rapid Deconstruct  Erth           ##........   82%         5    N/A
 Irradiate                Conj/Tmut      ##........   87%         5    N/A
 Hydra Form               Tmut           Unusable     N/A         6    N/A
 Statue Form              Tmut/Erth      Unusable     N/A         6    N/A
 Dragon Form              Tmut           Unusable     N/A         7    N/A

Dungeon Overview and Level Annotations

Branches:
Dungeon (12/15)            Temple (1/1) D:6            Lair (3/6) D:10
  Snake (0/4) Lair:2          Orc (0/2) D:12
  Swamp: Lair:2-4    Shoals: Lair:2-4

Altars:
Ashenzari
Cheibriados
Dithmenos
Elyvilon
Fedhas
Gozag
Hepliaklqana
Kikubaaqudgha
Makhleb
Nemelex Xobeh
Okawaru
Qazlal
Ru
Sif Muna
Trog
Uskayaw
Vehumet
Wu Jian
Xom
Yredelemnul
Zin
The Shining One

Shops:
D:4 :*}:   D:7 ?[!*[   D:11 *

Annotations:
Volcano exclusion: obsidian statue


Innate Abilities, Weirdness & Mutations

You do not eat or drink.
Your flesh is vulnerable to fire.
You are immune to poison.
Your flesh is cold resistant. (rC+)
You are immune to negative energy. (rN+++)
You are immune to unholy pain and torment.
You can survive without breathing.


Message History

Unknown command.
Unknown command.
The sixfirhy closely misses you.
There is an open door here.
You see here a fire crab corpse.
Unknown command.
Unknown command.
Unknown command.
Unknown command.
You kill the hell hog!
Kikubaaqudgha accepts your kill.
Unknown command.
Unknown command.
Okay, then.
Unknown command.
The sixfirhy hits you!
* * * LOW HITPOINT WARNING * * *
The sixfirhy shocks you!
You die...
Kikubaaqudgha rasps: "You have failed me!
Welcome... oblivion!"

#.≈§≈≈≈≈≈≈§§§≈≈≈≈≈≈..
#.§≈§§§≈≈≈≈§§§§§§....
#§§.§§§≈§≈≈§≈§§≈....#
##..§.§§§≈§≈≈≈§≈..###
#.§.§≈≈≈≈≈≈≈§≈..##
#..§...§≈≈≈≈...##
##......§§§....#
#...##.§§§...##
#8@8###.....## ##3##
##...## #.# #..## #†#
#### ########4#
#∩.......# #####....#
##.......#
#._......'..3..8


You could see an ice devil and a sixfirhy.

Vanquished Creatures
  A great orb of eyes (D:9)
  A two-headed ogre (D:8)
  A hell hog (Volcano)
  Urug (D:12)
  An orc knight (Bailey)
  Pikel (D:5)
  A deep elf mage (D:12)
  A black mamba (Lair:1)
  A spiny frog (Lair:3)
  A komodo dragon (Lair:1)
  The ghost of Masnef the Conjurer, a novice DEWz (D:6)
  A troll (D:10)
  3 blink frogs (Lair:1)
  3 hippogriffs
  3 yaks
  A wyvern (D:9)
  8 fire bats (Volcano)
  2 basilisks
  A steam dragon (D:9)
  2 nagas (Lair:2)
  5 porcupines
  9 orc warriors
  An ice beast (D:8)
  A black bear (D:10)
  4 slaves
  3 sky beasts
  An eye of draining (D:10)
  5 centaurs
  2 ogres
  2 crocodiles (D:10)
  4 big kobolds
  4 bullfrogs
  A wyvern skeleton (D:10)
  3 scorpions
  2 killer bees (D:11)
  A howler monkey (D:2)
  2 electric eels
  6 crimson imps
  6 lava snakes (Volcano)
  2 hounds
  3 jellies
  5 orc priests
  A bullfrog skeleton (D:12)
  2 orc wizards
  2 centaur skeletons
  An iguana (D:6)
  8 worker ants
  A killer bee zombie (D:8)
  A hound zombie (D:4)
  A worker ant zombie (D:11)
  16 adders
  4 gnolls (D:6)
  2 shadow imps
  An ooze (D:2)
  2 adder skeletons
  A dart slug (D:4)
  6 leopard geckos
  35 orcs
  10 bats
  6 giant cockroaches
  9 hobgoblins
  17 jackals
  A quokka (D:6)
  A ball python (D:4)
  4 frilled lizards
  5 goblins
  23 kobolds
  A quokka zombie (D:5)
  7 rats
275 creatures vanquished.

Vanquished Creatures (collateral kills)
  2 two-headed ogres
  A fire crab (Volcano)
  4 orc knights (Bailey)
  An ugly thing (D:12)
  A cyclops (D:11)
  An oklob plant (Lair:1)
  A manticore (D:12)
  A black mamba (Lair:1)
  An ice statue (D:9)
  4 spiny frogs
  A troll (D:12)
  A blink frog (Lair:1)
  4 hippogriffs
  Sigmund (D:3)
  10 yaks
  3 hogs (D:7)
  A human (D:7)
  A basilisk (Lair:1)
  2 hungry ghosts
  A steam dragon (Volcano)
  3 vampire mosquitoes (D:12)
  2 nagas (Lair:2)
  Menkaure (D:4)
  2 water moccasins
  A soldier ant (D:10)
  Duvessa (D:4)
  2 hell hounds (Volcano)
  3 porcupines
  4 orc warriors (Bailey)
  2 phantoms
  3 black bears
  A necrophage (D:9)
  2 ogres
  7 centaurs
  7 wolves
  3 crocodiles
  7 bullfrogs
  Dowan (D:4)
  3 scorpions
  4 killer bees (D:11)
  2 howler monkeys
  3 bullfrog zombies
  A hound (D:10)
  2 quasits
  3 centaur skeletons
  3 orc priests
  5 orc wizards
  2 bullfrog skeletons
  2 worker ants
  An iguana (D:10)
  2 gnolls (D:6)
  2 adders
  2 shadow imps
  4 worms
  A dart slug (D:3)
  A leopard gecko (D:8)
  42 orcs
  2 giant cockroaches
  A goblin (D:3)
  A hobgoblin (D:1)
  4 jackals
  3 kobolds
  A quokka (D:3)
  A bat (D:1)
  2 frilled lizards
  A fungus (D:10)
  A plant (Lair:1)
196 creatures vanquished.

Vanquished Creatures (others)
  4 fungi
  5 plants
9 creatures vanquished.

Grand Total: 480 creatures vanquished

Notes
Turn   | Place    | Note
-------+----------+-------------------------------------------
     0 | D:1      | 1994 the Mummy Summoner began the quest for the Orb.
     0 | D:1      | Reached XP level 1. HP: 13/13 MP: 4/4
   197 | D:1      | Reached XP level 2. HP: 9/20 MP: 3/5
   803 | D:1      | Reached skill level 1 in Fighting
  1305 | D:1      | Reached XP level 3. HP: 24/26 MP: 7/7
  1310 | D:1      | Learned a level 3 spell: Call Canine Familiar
  1642 | D:2      | Reached XP level 4. HP: 21/33 MP: 4/9
  1648 | D:2      | Learned a level 4 spell: Summon Lightning Spire
  2002 | D:2      | Found a radiant altar of Vehumet.
  2326 | D:3      | Reached XP level 5. HP: 26/38 MP: 7/10
  2531 | D:3      | Reached skill level 1 in Air Magic
  2816 | D:3      | Noticed Sigmund
  3102 | D:3      | Killed Sigmund
  3356 | D:3      | Found a shattered altar of Ashenzari.
  3357 | D:3      | Found a shadowy altar of Dithmenos.
  3566 | D:4      | Found Zuminidd's Book Shoppe.
  3636 | D:4      | Found Izutuxz Ughe's Gadget Shop.
  3636 | D:4      | Noticed Menkaure
  3657 | D:4      | Killed Menkaure
  3657 | D:4      | Reached XP level 6. HP: 35/46 MP: 8/12
  4188 | D:4      | Reached skill level 5 in Summonings
  4244 | D:4      | Found an ancient bone altar of Kikubaaqudgha.
  4250 | D:4      | Became a worshipper of Kikubaaqudgha
  4261 | D:4      | Found Ymu Eratz's Assorted Antiques.
  4271 | D:4      | Bought a scroll labeled MION YSUBI for 26 gold pieces
  4473 | D:4      | Noticed Dowan
  4610 | D:4      | Noticed Duvessa
  4633 | D:4      | Killed Duvessa
  4633 | D:4      | Reached XP level 7. HP: 28/51 MP: 4/13
  4636 | D:4      | Killed Dowan
  4866 | D:4      | Found Goijyrch's Book Boutique.
  4905 | D:4      | Found a shimmering altar of Xom.
  5025 | D:5      | Entered Level 5 of the Dungeon
  5037 | D:5      | Reached skill level 1 in Necromancy
  5470 | D:4      | Reached skill level 5 in Spellcasting
  5482 | D:5      | Noticed Pikel
  5669 | D:5      | Reached * piety under Kikubaaqudgha
  5669 | D:5      | Identified Kikubaaqudgha's Guide on Dark Magic
                  | (Kikubaaqudgha gifted it to you on level 5 of the Dungeon)
  5669 | D:5      | Received a gift from Kikubaaqudgha
  5693 | D:5      | Learned a level 1 spell: Pain
  5697 | D:5      | Learned a level 3 spell: Vampiric Draining
  5874 | D:5      | Killed Pikel
  5874 | D:5      | Reached XP level 8. HP: 50/60 MP: 12/16
  6431 | D:6      | Found a staircase to the Ecumenical Temple.
  6813 | Temple   | Entered the Ecumenical Temple
  7196 | D:6      | Found a runed translucent gate.
  7197 | D:6      | Found a runed translucent gate.
  7198 | D:6      | Found a runed translucent gate.
  7200 | D:6      | Noticed Masnef's ghost (novice DEWz)
  7240 | D:6      | Killed Masnef's ghost
  7500 | D:7      | Reached XP level 9. HP: 56/66 MP: 5/18
  7795 | D:7      | Found Uhumnoegg's Magic Scroll Shop.
  7805 | D:7      | Reached ** piety under Kikubaaqudgha
  7892 | D:7      | Bought a scroll of blinking for 90 gold pieces
  7892 | D:7      | Bought a scroll of random uselessness for 12 gold pieces
  8139 | D:7      | Found Sedugyll's General Store.
  8211 | D:7      | Found Emeew's Armour Shop.
  8289 | D:7      | Found Fulluoll's Distillery.
  8303 | D:7      | Found Netydous's Armour Shoppe.
  8423 | D:7      | Found a snail-covered altar of Cheibriados.
  8553 | D:7      | Reached skill level 1 in Shields
  8553 | D:7      | Reached skill level 5 in Necromancy
  8629 | D:7      | Reached skill level 5 in Fighting
  9113 | D:8      | Noticed a two-headed ogre
  9216 | D:8      | Killed a two-headed ogre
 10001 | D:9      | Reached XP level 10. HP: 39/74 MP: 6/20
 10177 | D:9      | Noticed an ice statue
 10878 | D:9      | Killed an ice statue
 11120 | D:9      | Noticed a great orb of eyes
 11142 | D:9      | Paralysed by a great orb of eyes for 2 turns
 11177 | D:9      | Killed a great orb of eyes
 11400 | D:9      | Reached *** piety under Kikubaaqudgha
 11400 | D:9      | Identified Kikubaaqudgha's Disquisition on Evil
                  | (Kikubaaqudgha gifted it to you on level 9 of the Dungeon)
 11400 | D:9      | Received a gift from Kikubaaqudgha
 11428 | D:9      | Reached skill level 5 in Air Magic
 11973 | D:10     | Entered Level 10 of the Dungeon
 12258 | D:10     | Learned a level 1 spell: Animate Skeleton
 12301 | D:10     | Learned a level 5 spell: Agony
 12314 | D:10     | Found a staircase to the Lair.
 12979 | D:10     | Noticed a two-headed ogre
 13000 | D:10     | Killed a two-headed ogre
 13318 | D:10     | Reached **** piety under Kikubaaqudgha
 14050 | D:10     | Reached XP level 11. HP: 78/81 MP: 13/23
 14312 | D:11     | Found Uwuiruyvoc's Assorted Antiques.
 15038 | D:11     | Got a steaming flail
 15043 | D:11     | Identified the +9 flail of Dissent {crush, -Tele Str+4 SInv
                  | Stlth+} (You found it on level 11 of the Dungeon)
 15339 | D:12     | Noticed a green ugly thing
 15352 | D:12     | Killed a green ugly thing
 15374 | D:12     | Noticed a two-headed ogre
 15412 | D:12     | Killed a two-headed ogre
 15477 | D:12     | Found a flagged portal.
 15486 | Bailey   | Entered a bailey
 15560 | Bailey   | Reached ***** piety under Kikubaaqudgha
 15832 | Bailey   | Noticed an orc knight
 15838 | Bailey   | Killed an orc knight
 15884 | Bailey   | Noticed an orc knight
 15902 | Bailey   | Killed an orc knight
 16062 | Bailey   | Noticed an orc knight
 16067 | Bailey   | Noticed an orc knight
 16074 | Bailey   | Killed an orc knight
 16075 | Bailey   | Killed an orc knight
 16233 | Bailey   | Noticed an orc knight
 16247 | Bailey   | Killed an orc knight
 16732 | D:12     | Noticed a deep elf mage
 16742 | D:12     | Killed a deep elf mage
 16755 | D:12     | Noticed Urug
 17234 | D:12     | Found a staircase to the Orcish Mines.
 17969 | D:12     | Killed Urug
 18226 | Lair:1   | Entered Level 1 of the Lair of Beasts
 18331 | Lair:1   | Learned a level 2 spell: Corpse Rot
 18383 | Lair:1   | Reached XP level 12. HP: 71/91 MP: 10/25
 19050 | Lair:1   | Reached skill level 10 in Summonings
 19252 | Lair:1   | Reached skill level 10 in Necromancy
 19846 | Lair:2   | Learned a level 2 spell: Passwall
 20563 | Lair:2   | Found a staircase to the Snake Pit.
 20792 | Lair:3   | Found the +7 lajatang of Order {silver, rMut}
 20887 | Lair:3   | Reached skill level 10 in Spellcasting
 20887 | Lair:3   | Reached skill level 1 in Earth Magic
 20934 | Lair:3   | Found a dark tunnel.
 21004 | Volcano  | Entered a volcano
 21036 | Volcano  | Reached skill level 1 in Transmutations
 21618 | Volcano  | Found a bloodstained altar of Trog.
 21633 | Volcano  | Noticed a hell hog
 21649 | Volcano  | Killed a hell hog
 21650 | Volcano  | Slain by a sixfirhy

Skill      XL: |  1  2  3  4  5  6  7  8  9 10 11 12 |
---------------+-------------------------------------+-----
Spellcasting   | 3 4 5 6 7 8 9 10 | 10.2
Fighting       | 1 2 3 4 5 6 7 8 |  8.2
Summonings     | 4 5 6 7 8 9 10 | 10.5
Air Magic      | 2 3 4 5 |  5.0
Necromancy     | 2 4 5 7 9 10 | 10.6
Shields        | 2 4 |  4.0
Earth Magic    | 1 |  1.0
Transmutations | 1 |  1.0
Dodging        | |  1.5
Stealth        | |  1.5

Action                   |  1- 3 |  4- 6 |  7- 9 | 10-12 || total
-------------------------+-------+-------+-------+-------++-------
Melee: Dagger            |   101 |   180 |   375 |   513 ||  1169
       Unarmed           |     8 |       |       |       ||     8
       Short sword       |       |     3 |     3 |       ||     6
       Trident           |       |       |     1 |    10 ||    11
       Staff             |       |       |       |    14 ||    14
Throw: Stone             |       |       |     4 |    14 ||    18
 Cast: Summon Small Mamm |    20 |     2 |     1 |       ||    23
       Call Canine Famil |     3 |    16 |    28 |    26 ||    73
       Summon Lightning  |       |     2 |    18 |    82 ||   102
       Pain              |       |       |    10 |   316 ||   326
       Vampiric Draining |       |       |     4 |    47 ||    51
       Animate Skeleton  |       |       |       |    20 ||    20
       Agony             |       |       |       |    13 ||    13
Evoke: Wand              |       |       |     1 |     1 ||     2
  Use: Scroll            |       |     1 |     3 |     9 ||    13
 Stab: Distracted        |     1 |       |     7 |     7 ||    15
       Sleeping          |     1 |     1 |     1 |     1 ||     4
       Confused          |       |       |     1 |       ||     1
Armor: Robe              |    24 |    18 |       |    15 ||    57
       Leather armour    |       |    41 |     1 |       ||    42
       Ring mail         |       |       |   133 |    98 ||   231
       Steam dragon scal |       |       |       |   134 ||   134
       Troll leather arm |       |       |       |     5 ||     5
Dodge: Dodged            |    71 |    80 |   200 |   322 ||   673
Block: Buckler           |       |       |    20 |   134 ||   154
